 Dungeon Crawl Stone Soup version 0.21.0-26-g889b8f6 (webtiles) character file.

3800 pk666 the Fighter (level 9, -4/135 HPs)
             Began as a Minotaur Berserker on Jan 27, 2018.
             Was a High Priest of Trog.
             Slain by a gnoll (7 damage)
             ... on level 8 of the Dungeon.
             The game lasted 00:19:52 (5501 turns).

pk666 the Fighter (Minotaur Berserker)              Turns: 5501, Time: 00:19:53

Health: -4/135     AC: 11    Str: 30    XL:     9   Next: 96%
Magic:  8/8        EV: 11    Int:  4    God:    Trog [*****.]
Gold:   379        SH:  0    Dex: 10    Spells: 8/8 levels left

rFire    + . .     SeeInvis .   j - +1 battleaxe (venom)
rCold    . . .     Gourm    +   (shield currently unavailable)
rNeg     . . .     Faith    .   w - +1 scale mail {rF+}
rPois    .         Spirit   .   A - +1 hat
rElec    .         Reflect  .   (no cloak)
rCorr    .         Harm     .   (no gloves)
MR       .....                  (no boots)
Stlth    ..........             o - amulet of the gourmand
HPRegen  0.32/turn              (no ring)
MPRegen  0.11/turn              y - +3 ring of protection

@: berserking (expiring), very quick
A: retaliatory headbutt, horns 2
a: Berserk, Trog's Hand, Brothers in Arms, Burn Spellbooks, Renounce Religion


You were on level 8 of the Dungeon.
You worshipped Trog.
Trog was extremely pleased with you.
You were completely stuffed.

You visited 1 branch of the dungeon, and saw 8 of its levels.

You collected 379 gold pieces.

Inventory:

Hand Weapons
 j - a +1 battleaxe of venom (weapon)
Armour
 i - a +0 scale mail
 w - a +1 scale mail of fire resistance (worn)
 A - a +1 hat (worn)
Jewellery
 o - an amulet of the gourmand (around neck)
 r - an uncursed amulet of guardian spirit {unknown}
 y - a +3 ring of protection (right hand)
Wands
 p - a wand of clouds (5)
 u - a wand of digging (12)
Scrolls
 a - a scroll of blinking
 d - 5 scrolls of identify
 f - 3 scrolls of teleportation
 k - a scroll of random uselessness
 m - 2 scrolls of magic mapping
 n - 2 scrolls of fog
 t - a scroll of fear {unknown}
Potions
 b - 3 potions of resistance {unknown}
 e - 5 potions of heal wounds {unknown}
 g - 3 potions of invisibility {unknown}
 h - 2 potions of might {unknown}
 l - 2 potions of berserk rage {unknown}
 q - 3 potions of curing {unknown}
 s - 2 potions of ambrosia {unknown}
 v - a potion of degeneration {unknown}
 x - 2 potions of lignification {unknown}
 z - 4 potions of agility {unknown}
 B - a potion of mutation {unknown}
 C - a potion of brilliance {unknown}
Comestibles
 c - 15 rations
 D - 3 chunks of flesh


   Skills:
 + Level 12.3 Fighting
 + Level 12.3 Axes
 - Level 2.4 Armour
 - Level 2.1 Dodging


You had 8 spell levels left.
You didn't know any spells.

Dungeon Overview and Level Annotations

Branches:
Dungeon (8/15)             Temple (0/1) D:5
   Lair: D:8-11

Altars:
Dithmenos
Fedhas
Kikubaaqudgha
Makhleb
Qazlal
Ru
Sif Muna
Vehumet
Yredelemnul
The Shining One

Annotations:
D:8 Maurice


Innate Abilities, Weirdness & Mutations

You reflexively headbutt those who attack you in melee.
You have a pair of horns on your head.


Message History

The centaur unwields an uncursed shortbow.
The centaur misses you. You furiously retaliate!
You headbutt the centaur. You completely miss the centaur.
Your headbutt misses the centaur.
The centaur is lightly wounded.
You closely miss the gnoll. The gnoll hits you with a spear.
* * * LOW HITPOINT WARNING * * *
The centaur completely misses you. You furiously retaliate!
You headbutt the centaur!
Unknown command.
You barely miss the centaur. Your headbutt misses the centaur.
The centaur is almost dead.
You barely miss the gnoll.
Maurice gestures wildly while chanting.
Maurice blinks!
The gnoll barely misses you. The centaur closely misses you.
You furiously retaliate!
You headbutt the centaur!
You kill the centaur!
Trog accepts your kill.
You closely miss the gnoll. You barely miss the gnoll.
The gnoll hits you but does no damage. The gnoll hits you!
You die...

.....####....##
.....#.....<..##
.........##...##
#........#...##
#......<......##
#....)).(......##
#..#............#
#..##.##....(.g.##
#..########..@)..#
#..# ####g§...#
#..# g.....# #..#
.g@.... #..#
...J... #..##
....... #...#
....... #...#
....... #...##


You could see Maurice, a gnoll sergeant, a jelly and 3 gnolls.

Vanquished Creatures
  The ghost of deadestbob the Cleaver, a novice MiBe of Trog (D:8)
  Sigmund (D:2)
  Eustachio (D:5)
  Edmund (D:6)
  A black bear (D:7)
  A necrophage (D:7)
  4 orc warriors
  An ice beast (D:5)
  A sky beast (D:7)
  An ogre (D:7)
  4 centaurs
  Blork the orc (D:4)
  2 bullfrogs
  A water moccasin zombie (D:6)
  2 scorpions
  3 wights (D:7)
  4 howler monkeys
  3 crimson imps
  A hound (D:7)
  2 orc priests
  2 bullfrog skeletons (D:7)
  2 centaur skeletons
  8 orc wizards
  3 iguanas
  A worker ant (D:7)
  A killer bee zombie (D:6)
  Robin (D:2)
  7 gnolls
  10 adders
  4 oozes
  5 worms
  4 dart slugs
  5 leopard geckos
  37 orcs
  2 ball pythons (D:2)
  6 giant cockroaches
  20 goblins
  5 hobgoblins
  9 bats
  7 frilled lizards
  8 kobolds
  A leopard gecko zombie (D:6)
  7 rats
191 creatures vanquished.

Notes
Turn   | Place    | Note
-------+----------+-------------------------------------------
     0 | D:1      | pk666 the Minotaur Berserker began the quest for the Orb.
     0 | D:1      | Reached XP level 1. HP: 19/19 MP: 0/0
    19 | D:1      | Reached XP level 2. HP: 20/27 MP: 1/1
   244 | D:1      | Reached XP level 3. HP: 19/34 MP: 2/2
   375 | D:1      | Reached ** piety under Trog
   472 | D:2      | Noticed Sigmund
   490 | D:2      | Killed Sigmund
   490 | D:2      | Reached skill level 5 in Fighting
   490 | D:2      | Reached skill level 5 in Axes
   490 | D:2      | Reached XP level 4. HP: 44/44 MP: 3/3
   490 | D:2      | Reached XP level 5. HP: 50/50 MP: 4/4
   572 | D:2      | Found a radiant altar of Vehumet.
  1005 | D:2      | Noticed Robin
  1013 | D:2      | Reached XP level 6. HP: 57/57 MP: 5/5
  1014 | D:2      | Killed Robin
  1473 | D:3      | Found a shadowy altar of Dithmenos.
  1615 | D:3      | Found an ancient bone altar of Kikubaaqudgha.
  1642 | D:3      | Reached *** piety under Trog
  1923 | D:4      | Found a burning altar of Makhleb.
  2080 | D:4      | Noticed Blork the orc
  2090 | D:4      | Killed Blork the orc
  2090 | D:4      | Reached XP level 7. HP: 63/66 MP: 6/6
  2299 | D:4      | Found a blossoming altar of Fedhas.
  2491 | D:5      | Entered Level 5 of the Dungeon
  2751 | D:5      | Reached **** piety under Trog
  2823 | D:5      | Received a gift from Trog
  3107 | D:5      | Found a deep blue altar of Sif Muna.
  3171 | D:5      | Reached XP level 8. HP: 75/75 MP: 7/7
  3230 | D:5      | Noticed Eustachio
  3238 | D:5      | Killed Eustachio
  3243 | D:5      | Found a staircase to the Ecumenical Temple.
  3505 | D:6      | Noticed Edmund
  3516 | D:6      | Killed Edmund
  3555 | D:6      | Found a basalt altar of Yredelemnul.
  3561 | D:6      | Noticed a profane servitor
  3620 | D:6      | Reached skill level 10 in Fighting
  3620 | D:6      | Reached skill level 10 in Axes
  3860 | D:6      | Found a stormy altar of Qazlal.
  3947 | D:6      | Found a glowing golden altar of the Shining One.
  3949 | D:6      | Noticed an angel
  4019 | D:6      | Found a shadowy altar of Dithmenos.
  4072 | D:7      | Reached XP level 9. HP: 80/86 MP: 8/8
  4621 | D:7      | Found a sacrificial altar of Ru.
  4625 | D:7      | Reached ***** piety under Trog
  5481 | D:8      | Noticed deadestbob's ghost (novice MiBe)
  5488 | D:8      | Noticed Maurice
  5497 | D:8      | Killed deadestbob's ghost
  5497 | D:8      | HP: 6/135 [centaur/arrow (2)]
  5499 | D:8      | HP: 2/135 [gnoll/spear (4)]
  5501 | D:8      | Slain by a gnoll

Skill      XL: |  1  2  3  4  5  6  7  8  9 |
---------------+----------------------------+-----
Fighting       | 4 5 6 7 8 10 12 | 12.3
Axes           | 4 5 6 7 8 10 12 | 12.3
Armour         | |  2.4
Dodging        | |  2.1

Action                   |  1- 3 |  4- 6 |  7- 9 || total
-------------------------+-------+-------+-------++-------
Melee: Hand axe          |    65 |   127 |    87 ||   279
       Headbutt          |     7 |    27 |    64 ||    98
       War axe           |       |       |   127 ||   127
       Battleaxe         |       |       |    81 ||    81
Invok: Berserk           |     1 |     1 |     1 ||     3
       Burn Spellbooks   |       |       |     1 ||     1
  Use: Scroll            |       |       |    10 ||    10
  Eat: Chunk             |       |     4 |    24 ||    28
Armor: Animal skin       |    10 |       |       ||    10
       Scale mail        |    12 |    61 |   112 ||   185
Dodge: Dodged            |    45 |    75 |   146 ||   266
